 Dungeon Crawl Stone Soup version 0.29-a0-322-g68df515428 (webtiles) character file.

Game seed: 376928069119250223

48 zishaf the Sneak (level 3, -2/19 HPs)
             Began as a Vine Stalker Brigand on Apr 8, 2022.
             Slain by an adder (3 damage)
             ... on level 1 of the Dungeon.
             The game lasted 00:02:03 (1356 turns).

zishaf the Sneak (Vine Stalker Brigand)             Turns: 1356, Time: 00:02:04

Health: -2/19      AC:  6    Str: 15    XL:     3   Next: 72%
Magic:  0/4        EV: 10    Int: 11    God:
Gold:   56         SH:  0    Dex: 15    Spells: 2/2 levels left

rFire   . . .      SeeInvis .   a - +2 dagger
rCold   . . .      Faith    .   (no shield)
rNeg    . . .      Spirit   +   j - +0 ring mail
rPois   .          Reflect  .   (no helmet)
rElec   .          Harm     .   c - +0 cloak
rCorr   .          Rampage  .   (no gloves)
Will    .....                   (no boots)
Stlth   ++........              (no amulet)
HPRegen 0.06/turn               (no ring)
MPRegen 0.09/turn               (no ring)

@: no status effects
A: fangs 2, magic shield, antimagic bite, no potion heal 2
a: no special abilities


You were on level 1 of the Dungeon.
You visited 1 branch of the dungeon, and saw 2 of its levels.

You collected 56 gold pieces.

Inventory:

Hand Weapons
 a - a +2 dagger (weapon)
Missiles
 d - 14 poisoned darts (quivered)
 e - 3 curare-tipped darts
Armour
 b - a +0 robe
 c - a +0 cloak (worn)
 j - a +0 ring mail (worn)
Scrolls
 f - a scroll of summoning {unknown}
 g - 2 scrolls of identify {unknown}
 h - a scroll of blinking {unknown}
Potions
 i - 2 potions of degeneration {unknown}
 k - a potion of curing {unknown}


   Skills:
 * Level 2.5 Fighting
 * Level 2.6 Short Blades
 - Level 1.8 Throwing
 - Level 1.0 Dodging
 + Level 5.2 Stealth


You had 2 spell levels left.
You didn't know any spells.
Your spell library was empty.

Dungeon Overview and Level Annotations

Branches:
Dungeon (2/15)

Altars:


Innate Abilities, Weirdness & Mutations

You have extremely sharp teeth.
When hurt, damage is shared between your health and your magic reserves.
Your bite disrupts and absorbs the magic of your enemies.
Potions cannot restore your health.


Message History

Magic restored.
You climb downwards.
The adder bites you.
The endoplasm jiggles.
The endoplasm freezes you.
You are frozen.
The goblin hits you but does no damage. The worm bites you.
The adder bites you but does no damage.
The endoplasm hits you but does no damage.
The goblin closely misses you.
There is a stone staircase leading up, spattered with blood here.
The adder closely misses you. The goblin barely misses you.
The endoplasm closely misses you. The worm bites you.
You climb upwards.
There is a stone staircase leading down here.
The adder closely misses you. The endoplasm freezes you.
You are frozen.
The adder bites you but does no damage. The adder attacks as you move away!
The adder bites you but does no damage. The goblin attacks as you move away!
The goblin misses you. The worm bites you!
* * * LOW HITPOINT WARNING * * *
The endoplasm closely misses you. The goblin attacks as you move away!
The goblin closely misses you. The endoplasm attacks as you move away!
The endoplasm barely misses you. The goblin attacks as you move away!
The goblin hits you with a +0 club.
* * * LOW HITPOINT WARNING * * *
You hit the endoplasm. You bite the endoplasm. You drain its power.
You feel invigorated.
The endoplasm is almost dead.
The endoplasm hits you.
* * * LOW HITPOINT WARNING * * *
You hit the endoplasm.
You kill the endoplasm!
The goblin hits you but does no damage.
You hit the adder but do no damage. You bite the adder. You drain its power.
You feel invigorated.
The adder is moderately wounded.
The adder bites you. The goblin hits you with a +0 club.
You hit the adder but do no damage. Your bite misses the adder.
The adder is moderately wounded.
The adder bites you.
You die...

..............######.####.##.....
.......##.....# ####.# #.####'##
#####.####....# #.##.# #.# #.#
#........(...# #.##.####.# #.#
####.#####...# #..^......####.#
#####.#####...# #..............##
..............# #....##.....##.##
......######..###....##'#.#.##.##
............)..g@....#......##.##
....####......wS##...#...##......
###.# #........##...#...##.##...
#.# #........##...##'###.##.##
#.# #........##...##.###.##.##
#.# #......(.##...##..........
###.####.....>..#######.########.
.......'......†.# #.# ##
###.####........# #.#


You could see a worm, an adder and a goblin.

Vanquished Creatures
  A gnoll (D:2)
  2 dart slugs
  A ball python (D:1)
  6 bats
  4 endoplasms (D:1)
  2 giant cockroaches (D:1)
  3 goblins (D:1)
  2 hobgoblins (D:1)
  5 kobolds (D:1)
  A quokka (D:1)
  2 frilled lizards
  4 rats (D:1)
33 creatures vanquished.

Notes
Turn   | Place    | Note
-------+----------+-------------------------------------------
     0 | D:1      | zishaf the Vine Stalker Brigand began the quest for the
                  | Orb.
     0 | D:1      | Reached XP level 1. HP: 11/11 MP: 2/2
     4 | D:1      | Noticed an electric eel
     5 | D:1      | Noticed an electric eel
    73 | D:1      | Reached XP level 2. HP: 15/15 MP: 3/3
    82 | D:1      | Reached skill level 1 in Dodging
   190 | D:1      | Reached skill level 5 in Stealth
   331 | D:1      | Reached XP level 3. HP: 8/18 MP: 2/4
   797 | D:1      | You fall into a shaft and drop 1 floor!
  1356 | D:1      | Slain by an adder

Illustrated notes

Levels and vault maps discovered:
D:1:      arrival_aquarium_b, layout_basic
D:2:      layout_rooms, serial_shops, shop, ebering_ecumenical_altar_box,
          uniq_crazy_yiuf_cottage

Skill      XL: |  1  2 |
---------------+-------+-----
Short Blades   | 2 |  2.6
Fighting       | 2 |  2.5
Dodging        | 1 |  1.0
Stealth        | 5 |  5.2
Throwing       | |  1.8

Action                   || total
-------------------------++-------
Melee: Dagger            ||    83
       Bite              ||    17
 Stab: Sleeping          ||     9
Armor: Robe              ||     8
       Ring mail         ||    45
Dodge: Dodged            ||    57

Table legend: (Time is in decaauts)
 A = Elapsed time spent in this place.
 B = Non-inter-level travel time spent in this place.
 C = Inter-level travel time spent in this place.
 D = Time resting spent in this place.
 E = Time spent auto-exploring this place.
 F = Levels seen in this place.
 G = Mean time per level.
                   A        B        C        D        E       F      G
               +--------+--------+--------+--------+--------+-----+--------+
         Total |   1349 |   1321 |     28 |     13 |   1043 |   2 |  674.5 |
       Dungeon |   1349 |   1321 |     28 |     13 |   1043 |   2 |  674.5 |
               +--------+--------+--------+--------+--------+-----+--------+

Top non-repeatable levels by time:
     D:1: 1273 daAuts
     D:2: 76 daAuts
